 Dungeon Crawl Stone Soup version 0.29-a0-43-g62a80824bf (webtiles) character file.

Game seed: 10814661252497078552

45 jij1949 the Conjurer (level 3, 0/26 HPs)
             Began as a Draconian Conjurer on Feb 3, 2022.
             Was a Believer of Lugonu.
             Succumbed to Terence's poison
             ... on level 3 of the Dungeon.
             The game lasted 00:07:00 (2307 turns).

jij1949 the Conjurer (Draconian Conjurer)           Turns: 2307, Time: 00:07:02

Health: 0/26       AC:  7    Str:  9    XL:     3   Next: 42%
Magic:  0/6        EV: 12    Int: 20    God:    Lugonu [**....]
Gold:   77         SH:  0    Dex:  9    Spells: 5/6 levels left

rFire   . . .      SeeInvis .   l - +0 hunting sling
rCold   . . .      Faith    .   (no shield)
rNeg    . . .      Spirit   .   (armour unavailable)
rPois   .          Reflect  .   (helmet restricted)
rElec   .          Harm     .   (no cloak)
rCorr   .          Rampage  .   (no gloves)
Will    .....                   k - +1 pair of boots
Stlth   ++........              (no amulet)
HPRegen 0.08/turn               (no ring)
MPRegen 0.10/turn               (no ring)

@: lethally poisoned (0 -> -3), weak-willed
A: AC +5, unfitting armour, cold-blooded
a: Renounce Religion, Depart the Abyss, Bend Space


You were on level 3 of the Dungeon.
You worshipped Lugonu.
Lugonu was pleased with you.
You visited 1 branch of the dungeon, and saw 3 of its levels.

You collected 77 gold pieces.

Inventory:

Hand Weapons
 a - a +0 dagger
 c - a +0 club
 d - a +0 whip
 l - a +0 hunting sling (weapon)
Missiles
 b - 50 stones (quivered ammo)
 f - 22 sling bullets
 o - 33 bolts
 q - 12 arrows
Armour
 h - a +0 plate armour
 k - a +1 pair of boots (worn)
Jewellery
 e - an amulet of the acrobat
Scrolls
 i - 5 scrolls of immolation
 m - a scroll of blinking {unknown}
 n - a scroll of fog {unknown}
 p - a scroll of identify {unknown}


   Skills:
 + Level 0.1 Fighting
 + Level 2.0 Dodging
 + Level 1.9 Stealth
 + Level 0.4 Unarmed Combat
 + Level 2.1 Spellcasting
 + Level 4.9 Conjurations


You had 5 spell levels left.
You knew the following spells:

 Your Spells              Type           Power      Damage    Failure   Level
a - Magic Dart            Conj           84%        1d7       1%          1

Your spell library contained the following spells:

 Spells                   Type           Power      Damage    Failure   Level
 Searing Ray              Conj           42%        2d6       3%          2
 Dazzling Flash           Conj/Hex       22%        N/A       17%         3
 Fulminant Prism          Conj/Hex       5%         3d7       50%         4
 Iskenderun's Mystic Bla  Conj/Tloc      11%        2d4       50%         4


Dungeon Overview and Level Annotations

Branches:
Dungeon (3/15)

Altars:
Lugonu

Annotations:
D:3 Terence


Innate Abilities, Weirdness & Mutations

Your plain brown scales are hard. (AC +5)
You cannot fit into any form of body armour.
You are cold-blooded and may be slowed by cold attacks.


Message History

You feel sick. Terence closely misses you.
Fire: 52 stones
Press: ? - help, Shift-Dir - straight line, f/p - Terence
Aim: Terence, wielding a +0 short sword of venom and wearing a +0 scale mail (severely wounded, 56% to hit)
You shoot a stone.
The stone hits Terence but does no damage.
Terence is severely wounded.
You feel sick.
Terence hits you with a +0 short sword of venom!
* * * LOW HITPOINT WARNING * * *
You are lethally poisoned!
It was a potion of curing.
You feel better. Terence closely misses you.
You fail to use your ability.
Terence hits you but does no damage. Space bends around you!
You blink.
You open the door.
There is an open door here.
Fire: 51 stones
Press: ? - help, Shift-Dir - straight line, f/p - Terence
Aim: Terence, wielding a +0 short sword of venom and wearing a +0 scale mail (severely wounded, 56% to hit)
You shoot a stone. The stone barely misses Terence.
Terence hits you with a +0 short sword of venom.
You are lethally poisoned!
* * * LOW HITPOINT WARNING * * *
You feel very sick.
* * * LOW HITPOINT WARNING * * *
You feel sick.
* * * LOW HITPOINT WARNING * * *
You feel sick.
As you read the scroll labelled FOTAETEYFE, it crumbles to dust.
Magic quickly surges around you.
It was a scroll of vulnerability.
* * * LOW HITPOINT WARNING * * *
You feel sick.
Casting: Magic Dart (safe; 1% risk of failure)
Confirm with . or Enter, or press ? or * to list all spells.
Aiming: Magic Dart (safe; 1% risk of failure)
Press: ? - help, Shift-Dir - straight line, f/p - Terence
Aim: Terence, wielding a +0 short sword of venom and wearing a +0 scale mail (heavily wounded, weak-willed, 100% to hit)
The magic dart hits Terence.
Terence is severely wounded.
You die...

.#####.(## .#.......#
#..###.....#...#
.#####.$#(....#.#...#
.............##.....#
#..(.....#####..#
#........# #..#
.###.##'#### #..#
........###########
#.##....l@@......# #.
#..###########.# #
#.. #... #. ..


You could see Terence (weak-willed) and a frilled lizard (weak-willed).

Vanquished Creatures
  2 adders (D:2)
  An orc (D:3)
  2 bats
  A giant cockroach (D:1)
  3 goblins (D:1)
  4 hobgoblins
  2 ball pythons (D:1)
  2 frilled lizards
  4 kobolds (D:1)
  7 rats
28 creatures vanquished.

Notes
Turn   | Place    | Note
-------+----------+-------------------------------------------
     0 | D:1      | jij1949 the Draconian Conjurer began the quest for the Orb.
     0 | D:1      | Reached XP level 1. HP: 14/14 MP: 3/3
   674 | D:1      | Reached XP level 2. HP: 20/20 MP: 1/5
  1581 | D:2      | Reached XP level 3. HP: 8/26 MP: 1/6
  1843 | D:2      | Found a faded altar of an unknown god.
  1865 | D:2      | Prayed at the altar of an unknown god.
  1865 | D:2      | Became a worshipper of Lugonu the Unformed
  1865 | D:2      | Reached * piety under Lugonu
  1865 | D:2      | Reached ** piety under Lugonu
  2282 | D:3      | Noticed Terence
  2306 | D:3      | HP: 1/26 [poisoned by Terence]
  2307 | D:3      | Succumbed to Terence's poison

Illustrated notes

Levels and vault maps discovered:
D:1:      wheals_arrival_linesprint, layout_basic
D:2:      layout_rooms, hellmonk_ecumenical_altar_blasted
D:3:      minmay_skewed_foursquare, layout_basic, uniq_jessica, uniq_terence

Skill      XL: |  1 |
---------------+----+-----
Dodging        | 2 |  2.0
Fighting       | |  0.1
Stealth        | |  1.9
Unarmed Combat | |  0.4
Spellcasting   | |  2.1
Conjurations   | |  4.9

Action                   || total
-------------------------++-------
Melee: Unarmed           ||    19
       Dagger            ||    47
       Tailslap          ||     5
       Punch             ||     1
 Fire: Hunting sling     ||     3
 Cast: Magic Dart        ||    46
Invok: Bend Space        ||     2
  Use: Scroll            ||     1
       Potion            ||     1
Armor: Skin              ||    22
Dodge: Dodged            ||    52

Table legend: (Time is in decaauts)
 A = Elapsed time spent in this place.
 B = Non-inter-level travel time spent in this place.
 C = Inter-level travel time spent in this place.
 D = Time resting spent in this place.
 E = Time spent auto-exploring this place.
 F = Levels seen in this place.
 G = Mean time per level.
                   A        B        C        D        E       F      G
               +--------+--------+--------+--------+--------+-----+--------+
         Total |   2306 |   2035 |    271 |      0 |   1792 |   3 |  768.7 |
       Dungeon |   2306 |   2035 |    271 |      0 |   1792 |   3 |  768.7 |
               +--------+--------+--------+--------+--------+-----+--------+

Top non-repeatable levels by time:
     D:1: 1465 daAuts
     D:2: 746 daAuts
     D:3: 93 daAuts
